 Dungeon Crawl Stone Soup version 0.29.1-15-g9cfb28693d (webtiles) character file.

Game seed: 256374953634771165

102 bruhbruhbruh the Trooper (level 4, -2/49 HPs)
             Began as an Ogre Chaos Knight on Apr 27, 2023.
             Was a Plaything of Xom.
             Slain by an orc
             ... wielding a +0 club
              (5 damage)
             ... on level 4 of the Dungeon on Apr 28, 2023.
             The game lasted 00:19:08 (1269 turns).

bruhbruhbruh the Trooper (Ogre Chaos Knight)        Turns: 1269, Time: 00:19:09

Health: -2/49      AC:  9    Str: 18    XL:     4   Next: 78%
Magic:  4/4        EV: 10    Int: 13    God:    Xom [.....*]
Gold:   84         SH:  0    Dex:  8    Spells: 3/3 levels left

rFire   . . .      SeeInvis .   a - +0 hand axe (chaos)
rCold   . . .      Faith    .   (no shield)
rNeg    . . .      Spirit   .   b - +2 robe
rPois   .          Reflect  .   (helmet restricted)
rElec   .          Harm     .   (no cloak)
rCorr   .          Rampage  .   (gloves unavailable)
Will    .....                   (boots unavailable)
Stlth   +.........              (no amulet)
HPRegen 0.16/turn               i - +4 ring of protection
MPRegen 0.09/turn               (no ring)

@: no status effects
A: large, unfitting armour, tough skin 1
a: Renounce Religion


You were on level 4 of the Dungeon.
You worshipped Xom.
You were Xom's teddy bear.
You visited 1 branch of the dungeon, and saw 4 of its levels.

You collected 84 gold pieces.

Inventory:

Hand Weapons
 a - a +0 hand axe of chaos (weapon)
Missiles
 d - 3 poisoned darts
Armour
 b - a +2 robe (worn)
 f - a +0 ring mail
Magical Staves
 k - a staff of earth
Jewellery
 i - a +4 ring of protection (left hand)
Scrolls
 h - a scroll of enchant armour {unknown}
Potions
 e - 2 potions of haste
 g - 2 potions of curing
 l - a potion of invisibility {unknown}
Miscellaneous
 c - a piece from Xom's chessboard (15/15) (quivered)


   Skills:
 + Level 4.9 Fighting
 + Level 4.1 Axes
 + Level 0.6 Staves
 + Level 2.9 Dodging
 + Level 0.1 Stealth
 + Level 0.1 Evocations


You had 3 spell levels left.
You didn't know any spells.
Your spell library was empty.

Dungeon Overview and Level Annotations

Branches:
Dungeon (4/15)
 Temple: D:4-7

Altars:

Annotations:
D:4 3 runed translucent doors, raph's ghost, amateur GnTm


Innate Abilities, Weirdness & Mutations

You are too large for most types of armour.
You have tough skin. (AC +1)


Message History

Nothing appears to happen.
You hit the orc.
You feel better. Something hits you but does no damage.
You hit the orc wizard but do no damage.
You drain the orc wizard.
The orc wizard is heavily wounded.
You hit the orc. You freeze the orc.
You kill the orc!
You closely miss something. You hit the orc.
The orc seems to slow down.
The orc is no longer moving slowly.
The orc wizard hits you with a +0 dagger.
* * * LOW HITPOINT WARNING * * *
Something hits you.
* * * LOW HITPOINT WARNING * * *
The orc wizard hits you but does no damage.
You feel better. The orc hits you but does no damage.
Raph's ghost says, "I break bones and crack skulls... with my bare hands."
The orc attacks as you move away! The orc misses you.
A scorpion zombie appears from thin air!
Reactivating autopickup.
The orc misses you. The scorpion zombie barely misses you.
The scorpion zombie attacks as you move away!
The scorpion zombie hits you.
* * * LOW HITPOINT WARNING * * *
The orc barely misses you. x2
You closely miss the orc.
The orc is lightly wounded.
You closely miss the orc.
You hit the scorpion zombie but do no damage.
The scorpion zombie flickers and vanishes!
Deactivating autopickup; reactivate with Ctrl-A.
Xom is amused.
The orc hits you but does no damage. Something hits you.
* * * LOW HITPOINT WARNING * * *
The orc barely misses you.
The orc wizard points at you and mumbles some strange words.
The puff of flame hits something.
You closely miss the orc.
The orc is lightly wounded.
You hit the orc. You barely miss something. The orc hits you with a +0 club.
You die...

...... ....
....####### #
##...#...... #..
....#...$). .# ....
#..#J.# #. ... ...
#..#K#...#
.#.####.###.)#W.#w#
..........ooo#o.....
..........@{.#......
#......###...###+++#
#...................
......†.............
...##....)...#####.#
#.##.#....# #.
#.#....# # #.#..<.#
#.#..#..$#


You could see an orc wizard (very drained), raph's ghost, 2 orcs, an endoplasm
and a kobold.

Vanquished Creatures
  An adder skeleton (D:4)
  2 adder zombies (D:4)
  A worm (D:2)
  A dart slug (D:1)
  2 orcs (D:4)
  4 ball pythons
  2 endoplasms
  2 giant cockroaches
  2 goblins
  6 hobgoblins
  4 kobolds
  A quokka (D:4)
  A bat (D:3)
  A frilled lizard (D:3)
  4 rats
34 creatures vanquished.

Vanquished Creatures (collateral kills)
  A water moccasin skeleton (D:4)
  An adder zombie (D:4)
  A ball python (D:4)
  A goblin (D:4)
4 creatures vanquished.

Vanquished Creatures (others)
  7 fungi (D:2)
  A plant (D:1)
  4 toadstools (D:2)
12 creatures vanquished.

Grand Total: 50 creatures vanquished

Notes
Turn   | Place    | Note
-------+----------+-------------------------------------------
     0 | D:1      | bruhbruhbruh the Ogre Chaos Knight began the quest for the
                  | Orb.
     0 | D:1      | Reached XP level 1. HP: 24/24 MP: 1/1
    93 | D:1      | Reached XP level 2. HP: 31/33 MP: 2/2
   432 | D:3      | XOM: divination: detect items
   475 | D:3      | Reached XP level 3. HP: 40/40 MP: 3/3
   683 | D:1      | Found a faded altar of an unknown god.
   868 | D:1      | XOM: 1-stop teleportation journey
  1204 | D:4      | XOM: summons 3 friendly demons
  1213 | D:4      | Reached XP level 4. HP: 17/49 MP: 4/4
  1219 | D:4      | Noticed raph's ghost (amateur GnTm)
  1221 | D:4      | Found a runed translucent gate.
  1221 | D:4      | Found a runed translucent gate.
  1249 | D:4      | Found a runed translucent gate.
  1269 | D:4      | Slain by an orc

Illustrated notes

Levels and vault maps discovered:
D:1:      tarquinn_simple_flora_water_a, layout_loops_cross,
          shapermc_ecumenical_altar_mp_urbaneastern, skrybe_limestone_x
D:2:      layout_basic, minmay_gold_behind_fungi, minmay_heptomino_l4
D:3:      layout_loops_cross
D:4:      layout_basic, gammafunk_ghost_split, serial_undead, serial_undead_a,
          serial_undead_c, serial_undead_e, serial_undead_a, serial_undead_f,
          serial_undead_f, serial_undead_f, kennysheep_cross_room, uniq_natasha

Skill      XL: |  1  2  3 |
---------------+----------+-----
Axes           | 4 |  4.1
Fighting       | |  4.9
Staves         | |  0.6
Dodging        | |  2.9
Stealth        | |  0.1
Evocations     | |  0.1

Action                   |  1- 3 |  4- 6 || total
-------------------------+-------+-------++-------
Melee: Hand axe          |    72 |    20 ||    92
       Punch             |     1 |     1 ||     2
       Staff             |    14 |       ||    14
Evoke: Piece from Xom's  |     4 |       ||     4
  Use: Scroll            |     6 |       ||     6
       Potion            |     1 |     3 ||     4
Armor: Robe              |    46 |    21 ||    67
Dodge: Dodged            |    59 |    11 ||    70
